 Dungeon Crawl Stone Soup version 0.29-a0-330-g52719c12eb (webtiles) character file.

Game seed: 5465123047738405134

36 kae the Firebug (level 3, -1/19 HPs)
             Began as a Deep Elf Fire Elementalist on May 4, 2022.
             Slain by a scorpion (3 damage)
             ... on level 4 of the Dungeon.
             The game lasted 00:00:51 (1149 turns).

kae the Firebug (Deep Elf Fire Elementalist)        Turns: 1149, Time: 00:00:51

Health: -1/19      AC:  2    Str:  5    XL:     3   Next: 19%
Magic:  6/10       EV: 12    Int: 21    God:
Gold:   66         SH:  0    Dex: 15    Spells: 0/9 levels left

rFire   . . .      SeeInvis .   (no weapon)
rCold   . . .      Faith    .   (no shield)
rNeg    . . .      Spirit   .   a - +0 robe
rPois   .          Reflect  .   (no helmet)
rElec   .          Harm     .   (no cloak)
rCorr   .          Rampage  .   (no gloves)
Will    .....                   (no boots)
Stlth   ++........              (no amulet)
HPRegen 0.06/turn               (no ring)
MPRegen 0.12/turn               (no ring)

@: lethally poisoned (-1 -> -6)
A: no striking features
a: no special abilities


You were on level 4 of the Dungeon.
You visited 1 branch of the dungeon, and saw 3 of its levels.

You collected 66 gold pieces.

Inventory:

Armour
 a - a +0 robe (worn)
Potions
 b - a potion of magic
 c - 2 potions of heal wounds {unknown}
 d - a potion of flight {unknown}
 e - a potion of curing {unknown}


   Skills:
 - Level 2.4 Dodging
 - Level 2.4 Stealth
 + Level 3.8 Spellcasting
 + Level 2.1 Conjurations
 + Level 3.8 Fire Magic


You couldn't memorise any spells.
You knew the following spells:

 Your Spells              Type           Power      Damage    Failure   Level
a - Foxfire               Conj/Fire      64%        2x1d7     3%          1
b - Scorch                Fire           40%        2d7       3%          2
c - Conjure Flame         Conj/Fire      16%        6-21      11%         3
d - Inner Flame           Hex/Fire       12%        N/A       17%         3

Your spell library contained the following spells:

 Spells                   Type           Power      Damage    Failure   Level
 Ignite Poison            Fire/Tmut/Pois 9%         N/A       22%         3
 Flame Wave               Conj/Fire      16%        2d6       34%         4
 Sticky Flame             Conj/Fire      16%        2d4       34%         4
 Alistair's Intoxication  Tmut/Pois      2%         N/A       98%         5
 Borgnjor's Vile Clutch   Necr/Erth      2%         N/A       98%         5
 Eringya's Noxious Bog    Tmut/Pois      2%         N/A       100%        6


Dungeon Overview and Level Annotations

Branches:
Dungeon (2/15)

Altars:
Nemelex Xobeh


Message History

You kill the frilled lizard!
Your foxfire dissipates!
Your foxfire dissipates! x2
Your magical contamination has completely faded away.
c - 2 yellow potions (gained 1)
A sourceless malevolence fills the Dungeon...
You fall into a shaft and drop 2 floors!
The shaft crumbles and collapses.
You hear a distant slurping noise.
You open the door.
An iguana, a goblin and a scorpion come into view.
There are monsters nearby!
There are monsters nearby!
The scorpion stings you.
A hobgoblin comes into view.
The scorpion barely misses you.
Casting: Foxfire (safe; 3% risk of failure)
Confirm with . or Enter, or press ? or * to list all spells.
Flames lash the scorpion.
The scorpion is lightly wounded.
The scorpion's fire resistance burns away.
The hobgoblin shouts!
You hear an angry hiss. x2
The scorpion stings you.
You are poisoned.
The scorpion poisons you!
You hear a distant slurping noise.
You hear a shout!
You feel sick. The scorpion stings you.
Casting: Scorch (safe; 3% risk of failure)
Confirm with . or Enter, or press ? or * to list all spells.
Flames lash the hobgoblin.
The hobgoblin is heavily wounded.
The hobgoblin's fire resistance burns away.
You feel sick.
You hear an angry hiss.
The scorpion stings you.
* * * LOW HITPOINT WARNING * * *
* * * LOW HITPOINT WARNING * * *
You feel sick.
The scorpion is no longer more vulnerable to fire.
The scorpion stings you.
You die...

#.## #.. #..
# #####.. .#
......#+###.#
#.........#
#..g......#
#..@s.....#
######'##.#
#..# ...#
.... .l.#..
...#..#
....#g.#


You could see a scorpion and a hobgoblin (combustible).

Vanquished Creatures
  An adder (D:2)
  5 endoplasms
  2 giant cockroaches (D:2)
  A hobgoblin (D:1)
  3 quokkas (D:1)
  5 ball pythons
  2 bats (D:1)
  A frilled lizard (D:2)
  3 kobolds
  4 rats (D:1)
27 creatures vanquished.

Vanquished Creatures (others)
  84 foxfires
84 creatures vanquished.

Grand Total: 111 creatures vanquished

Notes
Turn   | Place    | Note
-------+----------+-------------------------------------------
     0 | D:1      | kae the Deep Elf Fire Elementalist began the quest for the
                  | Orb.
     0 | D:1      | Reached XP level 1. HP: 10/10 MP: 6/6
   370 | D:1      | Reached XP level 2. HP: 13/15 MP: 5/8
   436 | D:1      | Found a sparkling altar of Nemelex Xobeh.
   932 | D:1      | Learned a level 2 spell: Scorch
  1071 | D:2      | Reached XP level 3. HP: 19/19 MP: 7/10
  1075 | D:2      | Learned a level 3 spell: Conjure Flame
  1079 | D:2      | Learned a level 3 spell: Inner Flame
  1140 | D:2      | You fall into a shaft and drop 2 floors!
  1142 | D:4      | Noticed a scorpion
  1149 | D:4      | Slain by a scorpion

Illustrated notes

Levels and vault maps discovered:
D:1:      scummos_arrival_forest, layout_rooms, kennysheep_flooded_box
D:2:      layout_rooms, eino_tiny_chamber, glass_columns_a
D:4:      layout_basic, uniq_duvessa, uniq_natasha, uniq_crazy_yiuf_cottage

Skill      XL: |  1  2 |
---------------+-------+-----
Conjurations   | 2 |  2.1
Dodging        | |  2.4
Stealth        | |  2.4
Spellcasting   | |  3.8
Fire Magic     | |  3.8

Action                   || total
-------------------------++-------
 Cast: Foxfire           ||    46
       Scorch            ||     2
Armor: Robe              ||     1
Dodge: Dodged            ||     8

Table legend: (Time is in decaauts)
 A = Elapsed time spent in this place.
 B = Non-inter-level travel time spent in this place.
 C = Inter-level travel time spent in this place.
 D = Time resting spent in this place.
 E = Time spent auto-exploring this place.
 F = Levels seen in this place.
 G = Mean time per level.
                   A        B        C        D        E       F      G
               +--------+--------+--------+--------+--------+-----+--------+
         Total |   1148 |   1131 |     17 |     14 |    944 |   3 |  382.7 |
       Dungeon |   1148 |   1131 |     17 |     14 |    944 |   3 |  382.7 |
               +--------+--------+--------+--------+--------+-----+--------+

Top non-repeatable levels by time:
     D:1: 949 daAuts
     D:2: 190 daAuts
     D:4: 8 daAuts
